 Dungeon Crawl Stone Soup version 0.30-a0-304-gdc4b735fe1 (webtiles) character file.

Game seed: 16387689576609895856

287 lunkers the Digger (level 6, -1/45 HPs)
             Began as a Meteoran Earth Elementalist on Oct 21, 2022.
             Was an Initiate of Gozag.
             Slain by a steam dragon (6 damage)
             ... on level 4 of the Dungeon.
             The game lasted 00:01:56 (1100 turns).

lunkers the Digger (Meteoran Earth Elementalist)    Turns: 1100, Time: 00:01:57

Health: -1/45      AC:  4    Str: 10    XL:     6   Next: 88%
Magic:  2/14       EV: 12    Int: 18    God:    Gozag
Gold:   92         SH:  0    Dex: 15    Spells: 5/15 levels left

rFire   . . .      SeeInvis .    r - +1 dagger (elec)
rCold   . . .      Faith    .    (no shield)
rNeg    . . .      Spirit   .    a - +0 robe
rPois   .          Reflect  .    (no helmet)
rElec   .          Harm     .    (no cloak)
rCorr   +          Rampage  .    q - +1 pair of gloves
Will    .....                    (no boots)
Stlth   +.........               (no amulet)
HPRegen 0.27/turn                g - ring of resist corrosion
MPRegen 0.14/turn                (no ring)

@: gold aura, glowing
A: sense surroundings 1, otherworldly, glowing, explore regen
a: Renounce Religion, Potion Petition, Call Merchant, Bribe Branch


You were on level 4 of the Dungeon.
You worshipped Gozag.
Gozag was noncommittal.
You visited 1 branch of the dungeon, and saw 4 of its levels.

You collected 136 gold pieces.
You paid 44 gold pieces to Gozag.

Inventory:

Hand Weapons
 h - a +2 dagger of venom
 r - a +1 dagger of electrocution (weapon)
Missiles
 d - 3 curare-tipped darts
Armour
 a - a +0 robe (worn)
 q - a +1 pair of gloves (worn)
Jewellery
 g - a ring of resist corrosion (left hand)
 p - a ring of protection from cold
Wands
 n - a wand of digging (3)
Scrolls
 f - a scroll of blinking {unknown}
 i - 2 scrolls of identify {unknown}
 l - a scroll of enchant weapon {unknown}
 o - a scroll of noise {unknown}
 t - a scroll of magic mapping {unknown}
 u - 2 scrolls of brand weapon {unknown}
Potions
 b - a potion of magic
 c - a potion of brilliance {unknown}
 e - 2 potions of ambrosia {unknown}
 j - a potion of haste {unknown}
 k - 2 potions of heal wounds {unknown}
 m - a potion of degeneration {unknown}
 s - 2 potions of lignification {unknown}


   Skills:
 - Level 2.4 Dodging
 - Level 1.4 Stealth
 + Level 5.0 Spellcasting
 - Level 1.2 Transmutations
 * Level 7.1 Earth Magic


You had 5 spell levels left.
You knew the following spells:

 Your Spells              Type           Power      Damage    Failure   Level
a - Sandblast             Erth           60%        2d14      1%          1
b - Passwall              Tmut/Erth      15%        N/A       3%          2
c - Stone Arrow           Conj/Erth      34%        3d9       10%         3
d - Petrify               Tmut/Erth      19%        N/A       24%         4

Your spell library contained the following spells:

 Spells                   Type           Power      Damage    Failure   Level
 Conjure Ball Lightning   Conj/Air       2%         3x3d6     100%        6
 Discord                  Hex            2%         N/A       100%        8
 Disjunction              Tloc           2%         N/A       100%        8


Dungeon Overview and Level Annotations

Branches:
Dungeon (4/15) Zot: 1256
 Temple: D:4-7

Altars:
Fedhas
Gozag


Innate Abilities, Weirdness & Mutations

You passively map a small area around you.
You are easily found by Zot.
You glow in the dark.
You regain HP and MP as you explore.


Message History

Your Spellcasting skill increases to level 5!
Casting: Sandblast (safe; 1% risk of failure)
Confirm with . or Enter, or press ? or * to list all spells.
The blast of sand hits the steam dragon!
The steam dragon is moderately wounded.
Casting: Sandblast (safe; 1% risk of failure)
Confirm with . or Enter, or press ? or * to list all spells.
The blast of sand misses the steam dragon.
The steam dragon bites you! The steam dragon claws you.
Aiming: Sandblast (safe; 1% risk of failure)
Press: ? - help, Q - select action, (/) - cycle Shift-Dir - straight line, f/p - steam dragon
Aim: a steam dragon (moderately wounded, 84% to hit)
The blast of sand hits the steam dragon!
The steam dragon is severely wounded.
* * * LOW MAGIC WARNING * * *
The steam dragon bites you.
The steam dragon claws you but does no damage.
Unknown command.
Aiming: Sandblast (safe; 1% risk of failure)
Press: ? - help, Q - select action, (/) - cycle Shift-Dir - straight line, f/p - steam dragon
Aim: a steam dragon (severely wounded, 84% to hit)
The blast of sand hits the steam dragon but does no damage.
The steam dragon is severely wounded.
* * * LOW MAGIC WARNING * * *
The steam dragon breathes steam at you. The ball of steam hits you!!
* * * LOW HITPOINT WARNING * * *
The steam dragon breathes steam at you. The ball of steam misses you.
Aiming: Sandblast (safe; 1% risk of failure)
Press: ? - help, Q - select action, (/) - cycle Shift-Dir - straight line, f/p - steam dragon
Aim: a steam dragon (severely wounded, 84% to hit)
The blast of sand hits the steam dragon but does no damage.
The steam dragon is severely wounded.
* * * LOW MAGIC WARNING * * *
You are engulfed in a cloud of scalding steam.
* * * LOW HITPOINT WARNING * * *
The steam dragon bites you.
You die...
Your body crumbles into a pile of gold.

##### *.....#
...#..# #.?...##
#?[..# *#...## *
, #.D@# *
o...$..#.#### *
.#....##....#
######## *,
D...$#*####.#
#.....<. , , *
.....
####)###......#*
, , ...#
#........# *#.#
..#* ####.##..#
#.# * .#
#.##..####.####
,
#.##...........


You could see a steam dragon.

Vanquished Creatures
  An ogre (D:4)
  2 jellies
  An orc wizard (D:4)
  Terence (D:2)
  4 adders
  An ufetubus (D:2)
  2 worms (D:2)
  2 dart slugs (D:4)
  2 orcs
  2 ball pythons
  5 endoplasms
  5 giant cockroaches
  6 goblins
  2 hobgoblins (D:1)
  3 jackals (D:3)
  4 kobolds
  A quokka (D:2)
  A bat (D:1)
45 creatures vanquished.

Notes
Turn   | Place    | Note
-------+----------+-------------------------------------------
     0 | D:1      | lunkers the Meteoran Earth Elementalist began the quest for
                  | the Orb.
     0 | D:1      | Reached XP level 1. HP: 14/14 MP: 5/5
    75 | D:1      | Reached skill level 4 in Earth Magic
    75 | D:1      | Reached XP level 2. HP: 16/20 MP: 2/6
   311 | D:2      | Reached XP level 3. HP: 26/26 MP: 4/8
   418 | D:2      | Noticed Terence
   429 | D:2      | Killed Terence
   430 | D:2      | Reached skill level 5 in Earth Magic
   430 | D:2      | Reached XP level 4. HP: 13/33 MP: 4/10
   435 | D:2      | Learned a level 2 spell: Passwall
   439 | D:2      | Learned a level 3 spell: Stone Arrow
   444 | D:2      | Learned a level 4 spell: Petrify
   476 | D:2      | Reached XP level 5. HP: 38/38 MP: 9/12
   849 | D:3      | You fall into a shaft and drop 1 floor!
   897 | D:4      | Found a blossoming altar of Fedhas.
   926 | D:4      | Reached skill level 6 in Earth Magic
   926 | D:4      | Reached XP level 6. HP: 45/45 MP: 10/13
   949 | D:4      | Found an opulent altar of Gozag.
   958 | D:4      | Became a worshipper of Gozag Ym Sagoz the Greedy
  1073 | D:4      | Noticed an ogre
  1079 | D:4      | Killed an ogre
  1085 | D:4      | Noticed a steam dragon
  1086 | D:4      | Reached skill level 7 in Earth Magic
  1096 | D:4      | Reached skill level 5 in Spellcasting
  1100 | D:4      | Slain by a steam dragon

Illustrated notes

Levels and vault maps discovered:
D:1:      zaba_arrival_water, layout_rooms
D:2:      layout_rooms, uniq_terence
D:3:      layout_basic
D:4:      layout_basic, fedhas_altar_1,
          nicolae_gozag_cash_rules_everything_around_me,
          cheibrodos_sewer_entry_bend, minmay_manual_moon

Skill      XL: |  1  2  3  4  5  6 |
---------------+-------------------+-----
Earth Magic    | 4 5 6 7 |  7.1
Spellcasting   | 3 4 5 |  5.0
Dodging        | |  2.4
Stealth        | |  1.4
Transmutations | |  1.2

Action                   |  1- 3 |  4- 6 || total
-------------------------+-------+-------++-------
Melee: Dagger            |     4 |     2 ||     6
 Cast: Sandblast         |    33 |    43 ||    76
Armor: Robe              |     1 |     4 ||     5
Dodge: Dodged            |     6 |    14 ||    20

Table legend: (Time is in decaauts)
 A = Elapsed time spent in this place.
 B = Non-inter-level travel time spent in this place.
 C = Inter-level travel time spent in this place.
 D = Time resting spent in this place.
 E = Time spent auto-exploring this place.
 F = Levels seen in this place.
 G = Mean time per level.
                   A        B        C        D        E       F      G
               +--------+--------+--------+--------+--------+-----+--------+
         Total |   1141 |   1062 |     79 |      0 |    795 |   4 |  285.2 |
       Dungeon |   1141 |   1062 |     79 |      0 |    795 |   4 |  285.2 |
               +--------+--------+--------+--------+--------+-----+--------+

Top non-repeatable levels by time:
     D:2: 551 daAuts
     D:1: 309 daAuts
     D:4: 261 daAuts
     D:3: 19 daAuts
